 Dungeon Crawl Stone Soup version 0.32-a0-814-g0968bab981 (webtiles) character file.

Game seed: 8861522578543806343

49 GigaChad the Covered (level 3, 0/29 HPs)
             Began as a Human Fighter on Mar 22, 2024.
             Slain by a kobold
             ... wielding a +1 whip of electrocution
              (3 damage)
             ... on level 2 of the Dungeon.
             The game lasted 00:02:32 (912 turns).

GigaChad the Covered (Human Fighter)                 Turns: 912, Time: 00:02:32

Health: 0/29       AC:  9    Str: 18    XL:     3   Next: 77%
Magic:  3/3        EV:  6    Int:  8    God:
Gold:   93         SH:  4    Dex: 12    Spells: 2/2 levels left

rFire   . . .        a - +1 war axe
rCold   . . .        c - +0 buckler
rNeg    . . .        f - +0 chain mail
rPois   .            (no helmet)
rElec   .            (no cloak)
rCorr   .            (no gloves)
SInv    .            (no boots)
Will    .....        (no amulet) Stlth
                     (no ring)
HPRegen 0.24/turn    (no ring)
MPRegen 0.08/turn

%: no passive effects
@: no status effects
A: explore regen
a: no special abilities


You were on level 2 of the Dungeon.
You visited 1 branch of the dungeon, and saw 2 of its levels.

You collected 93 gold pieces.

Inventory:

Hand Weapons
 a - a +1 war axe (weapon)
Armour
 b - a +0 scale mail
 c - a +0 buckler (worn)
 f - a +0 chain mail (worn)
Scrolls
 e - 2 scrolls of identify
 g - a scroll of silence
Potions
 d - 2 potions of might


   Skills:
 * Level 3.3 Fighting
 * Level 2.4 Axes
 * Level 3.5 Armour
 * Level 0.4 Dodging
 * Level 1.0 Stealth
 * Level 3.2 Shields


You had 2 spell levels left.
You didn't know any spells.
Your spell library was empty.

Dungeon Overview and Level Annotations

Branches:
Dungeon (2/15)

Altars:


Innate Abilities, Weirdness & Mutations

You regain HP and MP as you explore.


Message History

You hit the hobgoblin.
The hobgoblin is almost dead.
You block the hobgoblin's attack.
A kobold comes into view.
It is wielding a +1 whip of electrocution.
You block the hobgoblin's attack.
The kobold moves out of view.
Unknown command.
You hit the hobgoblin but do no damage.
The hobgoblin is almost dead.
You block the hobgoblin's attack.
Unknown command.
You closely miss the hobgoblin.
The hobgoblin is almost dead.
The hobgoblin barely misses you.
There are monsters nearby!
You closely miss the hobgoblin.
The hobgoblin is almost dead.
The hobgoblin hits you.
The hobgoblin hits you but does no damage.
Unknown command.
You slash the hobgoblin!
You kill the hobgoblin!
You see here a hobgoblin corpse.
Unknown command.
Unknown command.
You barely miss the kobold. You block the kobold's attack.
The kobold hits you but does no damage.
You are electrocuted!
Ouch! That really hurt!
Unknown command.
You are too injured to fight recklessly!
Unknown command.
You are too injured to fight recklessly!
You are too injured to fight recklessly!
Unknown command.
The kobold hits you with a +1 whip of electrocution.
You are electrocuted!
* * * LOW HITPOINT WARNING * * *
You hit the kobold but do no damage. The kobold barely misses you.
You closely miss the kobold.
The kobold hits you with a +1 whip of electrocution.
You die...

## ## ##. .# #####
#..#$ ..... #....
.# .#.#.# #.#.# .#
.##.... #.#.# .##.
#...# #.#K# ##...
....# #.†@#####...
#... ##.........
.... #.######.#
#.## #.# #.## #.##
#.# #.†# #.## #.#
##w# ####.## #.#
#.###..†... #.#
#..........
#.#######..#..#####


You could see a kobold.

Vanquished Creatures
  2 dart slugs
  A ribbon worm (D:2)
  3 bats
  6 endoplasms
  4 goblins
  4 hobgoblins
  2 jackals (D:1)
  7 kobolds
  A quokka (D:1)
  3 ball pythons
  2 frilled lizards
  3 rats
38 creatures vanquished.

Notes
Turn   | Place    | Note
-------+----------+-------------------------------------------
     0 | D:1      | GigaChad the Human Fighter began the quest for the Orb.
     0 | D:1      | Reached XP level 1. HP: 18/18 MP: 1/1
   145 | D:1      | Reached XP level 2. HP: 24/24 MP: 2/2
   151 | D:1      | Found a faded altar of an unknown god.
   379 | D:1      | Reached XP level 3. HP: 29/29 MP: 3/3
   879 | D:2      | Reached skill level 1 in Stealth
   912 | D:2      | Slain by a kobold

Illustrated notes

Levels and vault maps discovered:
D:1:      scummos_arrival_gate, layout_rooms, basic_ecumenical_altar,
          serial_forest, infiniplex_forest_lined_room_2,
          infiniplex_forest_fountain, infiniplex_forest_join,
          infiniplex_forest_clump_medium, infiniplex_forest_lined_corner,
          infiniplex_forest_straight_4, infiniplex_forest_diagonal
D:2:      layout_loops_ring, uniq_sigmund

Skill      XL: |  1  2  3 |
---------------+----------+-----
Stealth        | 1 |  1.0
Fighting       | |  3.3
Axes           | |  2.4
Armour         | |  3.5
Dodging        | |  0.4
Shields        | |  3.2

Action                     || total
---------------------------++-------
  Melee: War axe           ||    98
    Use: Scroll            ||     3
 Armour: Scale mail        ||    80
         Chain mail        ||     6
  Dodge: Dodged            ||    46
  Block: Buckler           ||    25

Table legend: (Time is in decaauts)
 A = Elapsed time spent in this place.
 B = Non-inter-level travel time spent in this place.
 C = Inter-level travel time spent in this place.
 D = Time resting spent in this place.
 E = Time spent auto-exploring this place.
 F = Levels seen in this place.
 G = Mean time per level.
                   A        B        C        D        E       F      G
               +--------+--------+--------+--------+--------+-----+--------+
         Total |    952 |    935 |     17 |      0 |    627 |   2 |  476.0 |
       Dungeon |    952 |    935 |     17 |      0 |    627 |   2 |  476.0 |
               +--------+--------+--------+--------+--------+-----+--------+

Top non-repeatable levels by time:
     D:1: 737 daAuts
     D:2: 215 daAuts
